Map: Lerilak Crest

Players

Katherine

  • Race: Terran Terran
  • League: Grandmaster

Deagor - Winner!

  • Race: Terran Terran

VOD

Have the link to the VOD?

Description

Time

  • Played on: July 20, 2015, 4:03 p.m.
  • Length: 16:01
Show
View Real Time Build Order
Export as new Build Order

Katherine Terran 

Build Orders: Siege Tank Drop 

Get SALT Encoding   

  12  0:01  SCV  
  13  0:13  SCV  
  14  0:20  Supply Depot  
  14  0:26  SCV  
  15  0:41  Refinery  
  15  0:48  Barracks  
  15  0:50  SCV  
  16  1:05  SCV  
  17  1:16  Supply Depot  
  17  1:18  SCV  
  18  1:24  Barracks  
  18  1:30  SCV  
  19  1:38  Marine  
  20  1:42  SCV  
  21  1:57  Marine  
  22  2:04  Factory, Orbital Command  
  22  2:13  Barracks Tech Lab  
  22  2:15  Marine  
  22  2:47  Marine  
  22  2:48  Marauder  
  25  2:56  Refinery  
  25  3:05  Factory Tech Lab  
  25  3:09  Command Center  
  25  3:19  Marine  
  26  3:21  Marine  
  27  3:32  SCV  
  28  3:44  Supply Depot x2  
  28  3:49  Barracks Reactor  
  28  3:53  Marine  
  29  4:01  Starport  
  29  4:11  Marine  
  29  4:15  SCV  
  31  4:19  Siege Tank  
  34  4:27  SCV  
  34  4:30  SCV  
  36  4:39  SCV, Medivac  
  36  4:42  SCV  
  36  4:43  Marine x2  
  42  4:56  Supply Depot  
  41  5:22  Marauder, Siege Tank, Marine x2  
  47  5:49  Medivac  
  49  5:50  Marine  
  49  5:51  Marauder, Marine  
  49  5:52  SCV  
  49  5:53  Widow Mine  
  49  5:55  SCV  
  57  6:04  SCV  
  57  6:07  SCV  
  59  6:14  Engineering Bay  
  59  6:16  SCV  
  59  6:17  Marauder, Marine x2  
  63  6:19  Starport Reactor  
  63  6:29  SCV  
  64  6:39  Siege Tank  
  67  6:43  SCV  
  67  6:44  Factory  
  67  6:45  SCV  
  69  6:48  Refinery  
  69  6:49  Refinery  
  69  6:55  SCV  
  70  7:12  SCV  
  69  7:22  Marine  
  70  7:28  Supply Depot  
  70  7:29  Supply Depot  
  70  7:30  Supply Depot  
  70  7:48  Marine  
  70  7:49  Marine, Marauder  
  70  7:50  Siege Tank, Medivac  
  76  8:06  Marine  
  76  8:07  Marine  
  76  8:10  Marauder  
  80  8:22  Siege Tank  
  83  8:28  Marine x2  
  83  8:31  Marine  
  83  8:53  Widow Mine  
  85  9:03  Command Center, Factory Tech Lab  
  85  9:04  Marine x2  
  85  9:05  Marauder  
  85  9:08  Terran Infantry Weapons Level 1  
  89  9:19  Armory  
  89  9:20  SCV  
  89  9:21  Engineering Bay  
  89  9:23  Siege Tank  
  93  9:24  Orbital Command  
  93  9:34  Supply Depot x2  
  93  9:35  Supply Depot x2  
  93  9:38  Liberator x2  
  93  9:46  Stimpack  
  93  9:53  SCV  
  93  9:56  SCV, Siege Tank  
  93  9:59  Supply Depot  
  104  10:02  Siege Tank  
  104  10:05  Supply Depot, SCV  
  108  10:08  Terran Infantry Armor Level 1  
  108  10:10  Terran Vehicle Weapons Level 1  
  108  10:23  Supply Depot  
  108  10:29  Planetary Fortress  
  108  10:30  Supply Depot  
  108  10:33  Refinery x2  
  108  10:34  SCV x2  
  110  10:44  Supply Depot  
  110  10:46  Supply Depot  
  110  10:53  SCV x2  
  110  10:54  Supply Depot  
  112  10:57  Supply Depot  
  112  10:58  Marauder, Marine x2  
  112  10:59  Siege Tank  
  112  11:00  Siege Tank  
  122  11:09  SCV  
  123  11:16  Marine x2  
  125  11:18  Supply Depot  
  125  11:20  Marauder  
  125  11:21  SCV  
  108  11:59  Marauder, Marine x2  
  108  12:00  Siege Tank x2  
  108  12:01  Medivac x2  
  119  12:17  Marine  
  119  12:21  Marauder  
  119  12:22  Marine  
  122  12:29  SCV, Barracks  
  124  12:30  Barracks  
  124  12:31  Medivac  
  124  12:32  Siege Tank  
  124  12:33  Terran Vehicle Weapons Level 2  
  124  12:35  Marine  
  130  12:40  Marine  
  130  12:41  SCV  
  130  12:42  Marauder  
  122  13:10  SCV  
  122  13:12  Marine  
  125  13:13  Marauder, Marine  
  125  13:14  Siege Tank  
  133  13:22  SCV  
  134  13:30  Marine  
  135  13:34  SCV  
  136  13:42  Marine  
  136  13:46  SCV  
  136  13:48  Marine  
Show
View Real Time Build Order
Export as new Build Order

Deagor Terran - Winner!

Build Orders: Reaper Expand 

Get SALT Encoding   

  12  0:01  SCV  
  13  0:13  SCV  
  14  0:21  Supply Depot  
  14  0:29  SCV  
  15  0:43  SCV  
  15  0:44  Barracks  
  15  0:48  Refinery  
  16  0:55  SCV  
  17  1:07  SCV  
  18  1:19  SCV  
  19  1:33  Reaper  
  19  1:36  Supply Depot, Orbital Command  
  20  2:03  Command Center, SCV  
  21  2:13  Barracks Reactor  
  21  2:16  SCV  
  22  2:26  Factory  
  22  2:32  Refinery  
  21  2:45  SCV  
  21  2:50  Marine x2  
  24  3:01  SCV  
  25  3:08  Marine x2  
  25  3:12  Widow Mine  
  27  3:13  Starport  
  27  3:18  Bunker, Orbital Command  
  29  3:20  SCV  
  29  3:26  Marine  
  29  3:27  Marine  
  31  3:33  SCV  
  33  3:41  Widow Mine  
  33  3:46  Marine x2  
  37  3:49  Medivac  
  39  3:58  Supply Depot  
  39  4:01  SCV x2  
  41  4:03  Barracks  
  41  4:06  Barracks  
  41  4:13  Widow Mine  
  43  4:17  Marine x2  
  45  4:45  Factory Tech Lab  
  45  4:47  Barracks Tech Lab  
  45  4:48  SCV x2  
  47  4:52  Supply Depot  
  47  4:53  Engineering Bay  
  39  5:16  Barracks Reactor  
  39  5:27  Barracks Reactor  
  39  5:29  Siege Tank  
  39  5:30  Medivac  
  39  5:31  Medivac  
  39  5:32  SCV x2  
  39  5:33  Terran Infantry Weapons Level 1  
  48  5:36  Supply Depot  
  48  5:44  Command Center  
  48  5:46  SCV  
  48  5:47  SCV  
  50  5:50  Marauder  
  50  5:57  Marine x2  
  52  6:08  Siege Tank, Marine  
  52  6:09  Marine  
  57  6:17  Medivac  
  59  6:19  SCV x2  
  59  6:23  Refinery  
  59  6:24  Refinery  
  61  6:26  Marine  
  61  6:27  Command Center, Marine x3  
  61  6:28  Marauder  
  67  6:34  Medivac  
  67  6:36  SCV  
  70  6:43  Supply Depot  
  70  6:45  Supply Depot  
  70  6:54  SCV  
  70  6:55  SCV  
  70  7:07  SCV  
  61  7:15  Siege Tank, Medivac  
  61  7:16  Medivac  
  61  7:17  Marine x3  
  61  7:18  Marine x2  
  63  7:55  SCV x2  
  65  8:01  Marine  
  65  8:02  Marine x4  
  68  8:18  SCV x2  
  68  8:38  SCV x2  
  68  8:40  SCV  
  71  8:50  SCV  
  71  8:53  SCV x2  
  74  8:58  Terran Infantry Armor Level 1  
  74  9:04  SCV, Refinery  
  74  9:05  Refinery  
  74  9:06  Marine x4  
  74  9:07  Marine  
  80  9:12  Barracks  
  80  9:14  Engineering Bay  
  80  9:15  SCV, Barracks  
  80  9:17  SCV, Orbital Command  
  82  9:29  Marine x2  
  84  9:34  Supply Depot  
  84  9:37  Marine x3  
  87  9:43  Supply Depot  
  87  9:47  Armory  
  87  9:48  SCV  
  87  9:49  SCV  
  87  9:50  SCV  
  90  10:07  Orbital Command  
  90  10:08  Marine x5  
  90  10:13  Stimpack  
  95  10:14  Barracks Tech Lab  
  95  10:19  Supply Depot  
  95  10:23  SCV x2  
  98  10:34  Marine x3  
  98  10:35  Marine  
  102  10:37  Orbital Command  
  102  10:39  Barracks Tech Lab  
  103  10:45  Barracks Reactor  
  103  10:46  Marauder x2  
  103  10:48  Siege Tank  
  103  10:49  Medivac x2  
  112  10:51  SCV x2  
  114  11:03  Terran Infantry Weapons Level 2  
  114  11:04  Terran Infantry Armor Level 2  
  114  11:08  Supply Depot  
  114  11:10  Terran Vehicle Weapons Level 1  
  114  11:11  Supply Depot  
  114  11:15  SCV x2  
  116  11:30  Marine x2  
  116  11:32  SCV, Marine x4  
  109  11:33  Marine x2  
  111  11:45  SCV x2  
  111  11:46  SCV  
  107  11:48  Marine  
  107  11:52  Supply Depot  
  107  11:56  Marine x4  
  107  11:57  Marine x3  
  110  12:10  SCV x3  
  110  12:14  Marine x2  
  115  12:18  Marine x2  
  115  12:19  Marine x4  
  121  12:29  SCV x3  
  124  12:35  Command Center, Refinery  
  124  12:36  Refinery  
  123  13:06  Marine  
  123  13:07  Marine  
  125  13:14  Supply Depot  
  125  13:15  Supply Depot  
  125  13:35  Siege Tank, Marine x5  
  125  13:36  Medivac x2, Marine  
  116  14:07  Marine x3  
  116  14:08  Marine x5  
  124  14:25  Marine  
  125  14:34  Marine x6  
  125  14:35  Marine  
  120  15:18  Marine x2  
  120  15:19  Marine x3  
  117  15:26  Marine  
  117  15:27  Marine x2  
Tags
 
Add a new tag
Caveats
  • Supply blocks, unpowered buildings, or Contaminate may cause inaccurate times.
  • Supply counts are checked every 10 seconds.